 Dungeon Crawl Stone Soup version 0.27.0-1-g7a089689b8 (webtiles) character file.

Game seed: 5430674069264669700

9 Leibowitz the Ruffian (level 2, 29/29 HPs)
             Began as a Troll Monk on Aug 7, 2021.
             Was a Believer of Elyvilon.
             Got out of the dungeon alive.
             The game lasted 00:01:27 (187 turns).

Leibowitz the Ruffian (Troll Monk)                   Turns: 187, Time: 00:01:28

Health: 29/29      AC:  4    Str: 18    XL:     2   Next: 6%
Magic:  1/1        EV: 10    Int:  6    God:    Elyvilon [**....]
Gold:   28         SH:  0    Dex: 12    Spells: 1/1 levels left

rFire    . . .     SeeInvis .     - Unarmed
rCold    . . .     Faith    .   (no shield)
rNeg     . . .     Spirit   .   a - +0 robe
rPois    .         Reflect  .   (helmet restricted)
rElec    .         Harm     .   (no cloak)
rCorr    .         Rampage  .   (gloves unavailable)
Will     .....                  (boots unavailable)
Stlth    ++........             (no amulet)
HPRegen  1.09/turn              (no ring)
MPRegen  0.07/turn              (no ring)

@: no status effects
A: large, unfitting armour, claws 3, regeneration 1, shaggy fur 1, tough skin 1
a: Renounce Religion, Lesser Healing, Heal Other, Divine Protection


You escaped.
You worshipped Elyvilon.
Elyvilon was pleased with you.
You visited 1 branch of the dungeon, and saw 1 of its levels.

You collected 28 gold pieces.

Inventory:

Armour
 a - a +0 robe (worn)
Potions
 b - a potion of lignification {unknown}


   Skills:
 + Level 2.4 Fighting
 + Level 2.5 Dodging
 + Level 1.0 Stealth
 + Level 3.4 Unarmed Combat


You had one spell level left.
You didn't know any spells.
Your spell library was empty.

Dungeon Overview and Level Annotations

Branches:
Dungeon (1/15)

Altars:
Elyvilon


Innate Abilities, Weirdness & Mutations

You are too large for most types of armour.
You have claws for hands.
Your natural rate of healing is unusually fast.
You are covered in fur. (AC +1)
You have tough skin. (AC +1)


Message History

The jackal is moderately wounded.
The jackal closely misses you.
The jackal bites you but does no damage.
The jackal completely misses you. The jackal misses you.
You scratch the jackal but do no damage.
The jackal is moderately wounded.
The jackal bites you.
The jackal bites you but does no damage. x2
You scratch the jackal.
You kill the jackal!
The jackal bites you. x3
The jackal bites you but does no damage.
The jackal closely misses you. The jackal bites you.
You see here a jackal corpse.
You barely miss the jackal. The jackal closely misses you.
The jackal misses you.
You scratch the jackal.
The jackal is moderately wounded.
The jackal completely misses you. The jackal bites you.
The jackal barely misses you.
You claw the jackal!
You kill the jackal!
The jackal bites you.
You have reached level 2!
You scratch the jackal.
The jackal is lightly wounded.
The jackal bites you but does no damage.
You closely miss the jackal.
The jackal is lightly wounded.
The jackal closely misses you. The jackal barely misses you.
You scratch the jackal.
You kill the jackal!
HP restored.
There is an open door here.
There is an open door here.
You see here a +0 leather armour.
You see here 12 stones.
There is a staircase leading out of the dungeon here.
Are you sure you want to leave the Dungeon?
This will make you lose the game!
You have escaped!

#†....# # #.....#
###### #.##.....#
###(...### #........#
##..####.[##
#.#.'##### ##.###
###.## # ###.# #.##
##.# #.# #.## #.#
#.## ##.### #.##
##.## ##.@# ##.#
##.### #### #.# ##..#
##.# ####'##..# ##.##
#.....###... ####.##
#.......########...##
#.....##........####
#.....##########.##
#.##### #..#


There were no monsters in sight!

Vanquished Creatures
  A dart slug (D:1)
  An endoplasm (D:1)
  3 jackals (D:1)
  A frilled lizard (D:1)
  A rat (D:1)
7 creatures vanquished.

Notes
Turn   | Place    | Note
-------+----------+-------------------------------------------
     0 | D:1      | Leibowitz the Troll Monk began the quest for the Orb.
     0 | D:1      | Reached XP level 1. HP: 22/22 MP: 0/0
    45 | D:1      | Found a faded altar of an unknown god.
    53 | D:1      | Became a worshipper of Elyvilon the Healer
    53 | D:1      | Reached * piety under Elyvilon
    53 | D:1      | Reached ** piety under Elyvilon
   135 | D:1      | Reached XP level 2. HP: 21/29 MP: 1/1
   187 | D:$      | Got out of the dungeon alive.

Illustrated notes

Levels and vault maps discovered:
D:1:      dpeg_arrival_solitude, layout_loops_ring,
          hellmonk_ecumenical_altar_crossroads, minmay_small_reverse_x

Action                   || total
-------------------------++-------
Melee: Unarmed           ||    20
Armor: Robe              ||    10
Dodge: Dodged            ||    20
